Map: Heavy Artillery LE

Players

Massa

  • Race: Terran Terran
  • League: Platinum
  • Spawn Location: 1:00

qqq

  • Race: Zerg Zerg
  • Spawn Location: 3:00

Becksaw - Winner!

  • Race: Zerg Zerg
  • League: Diamond
  • Spawn Location: 7:00

Donjohnson - Winner!

  • Race: Terran Terran
  • League: Gold
  • Spawn Location: 7:00

VOD

Have the link to the VOD?

Description

Time

  • Played on: March 18, 2021, 5:08 p.m.
  • Length: 9:21
Show
View Real Time Build Order
Export as new Build Order

Massa Terran 

Build Orders: Reaper Expand 

Get SALT Encoding   

  12  0:01  SCV  
  13  0:13  SCV  
  14  0:25  SCV  
  14  0:27  Supply Depot  
  15  0:44  Refinery  
  15  0:48  SCV  
  15  0:49  Barracks  
  16  1:00  SCV  
  17  1:13  SCV  
  18  1:25  SCV  
  19  1:36  Reaper  
  19  1:39  Orbital Command  
  20  1:47  Command Center  
  20  2:05  SCV  
  20  2:08  Marine, Supply Depot  
  22  2:17  SCV  
  22  2:35  Barracks Tech Lab  
  22  2:37  Factory  
  22  2:40  Supply Depot  
  22  2:45  SCV  
  23  2:57  SCV  
  24  3:03  Orbital Command, Supply Depot  
  24  3:08  Refinery  
  24  3:11  Marine  
  25  3:13  Stimpack  
  25  3:17  Refinery  
  25  3:23  Factory Tech Lab  
  25  3:29  Barracks, Marine  
  26  3:34  SCV x2  
  28  3:44  Starport  
  28  3:46  SCV x2  
  30  3:51  Hellion  
  31  3:58  SCV  
  31  4:00  Marine  
  31  4:12  Siege Tank  
  34  4:19  Marine  
  34  4:23  Starport Tech Lab  
  34  4:24  Barracks Reactor  
  35  4:27  SCV x2  
  35  4:29  Engineering Bay  
  37  4:32  Refinery  
  37  4:36  Marine  
  38  4:39  SCV x2  
  40  4:51  SCV x2  
  42  4:54  Marine  
  42  4:56  Raven  
  45  5:01  Marine x2  
  45  5:03  Command Center  
  47  5:07  Supply Depot  
  47  5:09  Missile Turret  
  47  5:12  Marine  
  47  5:13  Missile Turret  
  48  5:19  Marine x2, Missile Turret  
  50  5:27  Combat Shield  
  50  5:30  Marine  
  50  5:32  Terran Infantry Weapons Level 1  
  51  5:36  Armory  
  51  5:37  Marine x2  
  53  5:48  Marauder  
  55  5:56  Marine x2  
  55  6:10  Marauder  
  57  6:13  Marine  
  57  6:14  Marine  
  59  6:19  Siege Tank  
  51  6:31  Marauder, Marine  
  52  6:36  Marine  
  53  6:49  Barracks, Marine  
  53  6:50  SCV x2  
  53  6:52  Marauder  
  53  6:53  Barracks  
  53  7:02  SCV x2, Concussive Shells  
  53  7:03  Marine  
  53  7:07  Marine  
  51  7:14  SCV x2, Marauder  
  55  7:21  Marine  
  56  7:32  Marine  
  56  7:35  Marauder  
  59  7:39  Marine  
  63  7:49  Marine x2  
  63  7:50  Marine  
  60  7:54  Widow Mine  
  60  7:56  Marine  
  60  7:57  Marauder  
  55  8:06  Marine x2  
  55  8:08  Marine  
  57  8:14  Marine  
  57  8:15  Widow Mine  
  57  8:18  Marauder  
  62  8:24  Marine x2  
  62  8:25  Marine  
  64  8:31  Orbital Command  
  64  8:32  Marine  
  64  8:33  SCV  
  60  8:39  Marine  
  60  8:41  Barracks x4  
  58  8:43  Missile Turret  
  58  8:45  SCV, Marine x3  
  61  8:50  Marine  
  51  8:57  Marine  
  47  9:03  Marine  
Show
View Real Time Build Order
Export as new Build Order

qqq Zerg 

Build Orders: Hatch First 

Get SALT Encoding   

  12  0:02  Drone  
  13  0:09  Drone  
  14  0:21  Overlord  
  14  0:49  Hatchery  
  13  1:03  Drone  
  13  1:04  Drone  
  15  1:06  Drone  
  16  1:15  Drone  
  17  1:29  Drone, Spawning Pool  
  17  1:51  Drone  
  17  1:52  Drone  
  19  1:57  Extractor, Hatchery  
  19  1:59  Drone  
  18  2:04  Extractor  
  18  2:07  Drone  
  18  2:12  Evolution Chamber  
  18  2:17  Queen  
  20  2:24  Queen  
  22  2:31  Drone  
  22  2:34  Overlord  
  22  2:36  Drone  
  24  2:40  Drone  
  24  2:43  Drone  
  26  2:58  Roach Warren  
  26  3:04  Drone  
  26  3:05  Drone  
  26  3:06  Drone  
  26  3:08  Drone  
  26  3:10  Drone  
  30  3:17  Lair  
  30  3:22  Drone  
  30  3:23  Drone  
  32  3:31  Drone  
  32  3:32  Overlord  
  32  3:34  Drone  
  34  3:42  Drone  
  34  3:43  Extractor, Roach x2  
  34  3:47  Roach  
  40  3:52  Roach  
  42  4:02  Roach  
  44  4:03  Drone x4  
  44  4:04  Drone  
  50  4:17  Drone, Overlord x2  
  50  4:18  Overlord  
  50  4:26  Evolution Chamber  
  50  4:27  Glial Reconstitution  
  49  4:35  Queen, Roach  
  49  4:36  Overlord  
  49  4:37  Roach  
  55  4:39  Drone  
  55  4:41  Drone  
  55  4:42  Drone  
  58  4:47  Drone  
  58  4:48  Drone  
  58  4:50  Drone x2  
  62  4:53  Roach  
  62  4:56  Drone  
  62  4:57  Drone  
  66  5:05  Extractor  
  65  5:09  Zerg Ground Armor Level 1  
  65  5:12  Drone x3, Overlord  
  65  5:13  Drone  
  70  5:14  Drone  
  70  5:22  Roach x2  
  70  5:23  Roach  
  70  5:24  Overlord  
  70  5:25  Zergling x2  
  70  5:26  Zergling x2  
  70  5:28  Roach  
  80  5:33  Roach  
  82  5:41  Roach  
  82  5:42  Roach  
  86  5:43  Extractor, Zergling x6  
  86  5:48  Roach x2  
  86  5:49  Zergling x4  
  94  5:50  Overlord x2  
  94  5:51  Drone  
  94  5:52  Drone  
  94  5:54  Drone  
  97  5:58  Ravager  
  98  6:06  Overseer  
  98  6:14  Roach  
  98  6:16  Zergling x4  
  98  6:17  Drone x2  
  98  6:18  Roach x2  
  102  6:41  Roach x2  
  102  6:42  Roach x6  
  109  6:51  Roach  
  100  6:58  Roach x2  
  100  7:01  Roach  
  90  7:08  Zergling x4  
  91  7:09  Baneling Nest  
  91  7:13  Extractor  
  91  7:14  Extractor  
  91  7:15  Roach x3  
  95  7:21  Infestation Pit  
  96  7:23  Roach  
  96  7:36  Roach x2  
  96  7:37  Roach x3  
  100  7:48  Spore Crawler  
  99  7:51  Spore Crawler  
  99  7:54  Infestation Pit  
  99  7:56  Spore Crawler  
  99  7:57  Spore Crawler  
  94  7:59  Queen, Spore Crawler x2  
  94  8:00  Queen x2, Spore Crawler x2  
  91  8:09  Overseer  
  91  8:10  Drone x2  
  91  8:11  Drone x6, Spore Crawler  
  94  8:13  Spore Crawler  
  93  8:33  Spore Crawler  
  90  8:39  Hydralisk Den  
  89  8:44  Spore Crawler  
  89  8:48  Drone x8  
  89  8:49  Drone, Spore Crawler  
  89  8:50  Spore Crawler  
Show
View Real Time Build Order
Export as new Build Order

Becksaw Zerg - Winner!

Build Orders: Hatch First 

Get SALT Encoding   

  12  0:00  Drone  
  13  0:12  Overlord  
  13  0:17  Drone  
  14  0:30  Drone x2  
  14  0:34  Drone  
  17  0:52  Hatchery  
  17  0:54  Drone  
  17  0:57  Drone  
  17  1:01  Extractor  
  17  1:14  Spawning Pool  
  17  1:16  Drone  
  17  1:20  Drone  
  18  1:28  Drone  
  19  1:38  Drone  
  20  1:49  Drone  
  21  2:00  Drone  
  22  2:05  Queen x2  
  22  2:07  Zergling x2  
  27  2:10  Drone  
  28  2:16  Overlord  
  28  2:27  Hatchery  
  28  2:28  Drone  
  28  2:34  Drone x2  
  30  2:41  Drone  
  30  2:43  Drone  
  32  2:50  Queen  
  34  2:52  Overlord  
  34  2:55  Overlord  
  34  3:02  Drone  
  34  3:04  Drone  
  36  3:10  Drone  
  37  3:18  Drone, Metabolic Boost  
  37  3:19  Drone  
  39  3:20  Drone x2  
  39  3:21  Drone  
  39  3:22  Drone x2  
  39  3:23  Drone  
  45  3:34  Drone  
  45  3:35  Drone  
  47  3:42  Queen  
  47  3:43  Drone x2  
  47  3:45  Drone  
  47  3:47  Overlord  
  47  3:48  Overlord x2  
  52  3:50  Drone  
  52  3:51  Drone  
  53  4:06  Drone  
  53  4:07  Drone x4  
  53  4:08  Hatchery  
  57  4:10  Drone  
  58  4:18  Drone  
  58  4:19  Drone x6  
  65  4:27  Drone x3  
  68  4:33  Roach Warren  
  68  4:36  Lair, Evolution Chamber  
  68  4:38  Extractor x2  
  64  4:39  Evolution Chamber  
  64  4:40  Extractor  
  64  4:44  Extractor  
  64  4:45  Extractor  
  60  4:49  Drone x3  
  60  4:50  Drone x4  
  60  4:51  Drone x4  
  71  5:00  Overlord x3  
  71  5:08  Zergling x8  
  71  5:10  Zerg Melee Weapons Level 1  
  75  5:15  Zerg Ground Armor Level 1  
  75  5:23  Queen  
  77  5:32  Drone x9  
  77  5:33  Drone x4  
  77  5:34  Zergling x2  
  91  5:45  Queen  
  91  5:48  Hatchery  
  91  5:49  Zergling x2  
  93  5:53  Overlord x2  
  93  5:54  Spire, Overlord x2  
  92  5:58  Extractor, Zergling x2  
  92  5:59  Zergling x6  
  92  6:00  Extractor, Zergling x2  
  95  6:15  Zergling x2  
  95  6:17  Zergling x2  
  95  6:18  Zergling x26  
  110  6:24  Zergling x2  
  103  6:27  Zergling x10  
  105  6:37  Zergling x2  
  105  6:38  Zergling x8  
  104  6:43  Zergling x8  
  104  6:45  Zergling x2  
  91  7:08  Mutalisk x7  
  91  7:09  Mutalisk x2  
  91  7:12  Mutalisk  
  111  7:18  Mutalisk x10  
  131  7:23  Zerg Flyer Weapons Level 1  
  120  7:39  Zergling x24  
  120  7:40  Zergling x2  
  133  7:49  Mutalisk  
  133  7:50  Mutalisk x6  
  138  8:28  Mutalisk x7  
  138  8:34  Mutalisk x2  
  142  8:39  Queen  
  144  8:50  Mutalisk  
  144  8:51  Mutalisk x2  
  144  8:52  Overlord x2  
  144  8:53  Overlord x3  
Show
View Real Time Build Order
Export as new Build Order

Donjohnson Terran - Winner!

Build Orders: 2 Factory, Gas First Reaper Expand 

Get SALT Encoding   

  12  0:00  SCV  
  13  0:12  SCV  
  14  0:17  Supply Depot  
  14  0:24  SCV  
  15  0:29  Refinery  
  15  0:39  SCV  
  16  0:45  Barracks  
  16  0:51  SCV  
  17  1:03  SCV  
  18  1:15  SCV  
  19  1:33  Reaper  
  19  1:34  Orbital Command  
  20  1:47  Command Center  
  20  1:58  Factory  
  20  2:02  SCV  
  20  2:08  Barracks Reactor  
  21  2:13  Supply Depot  
  21  2:15  SCV  
  22  2:28  SCV  
  23  2:40  SCV  
  24  2:53  Barracks Tech Lab  
  24  2:55  SCV  
  24  2:57  Hellion x2  
  29  3:02  Orbital Command  
  29  3:07  SCV  
  30  3:13  Refinery  
  30  3:19  SCV  
  31  3:21  Refinery  
  31  3:22  Refinery, Hellion, Factory  
  31  3:24  Hellion  
  35  3:29  SCV  
  35  3:32  SCV  
  37  3:42  SCV  
  37  3:43  Marauder, Stimpack  
  37  3:46  Hellion  
  40  3:59  SCV  
  40  4:00  SCV  
  40  4:01  Hellion  
  44  4:07  Hellion  
  44  4:11  SCV  
  44  4:12  SCV  
  44  4:16  Factory  
  46  4:22  Factory  
  46  4:28  Supply Depot  
  46  4:29  SCV x2, Marine  
  46  4:30  Supply Depot  
  49  4:38  Armory  
  49  4:43  Widow Mine x2, Factory Tech Lab  
  53  4:50  SCV  
  54  4:56  SCV  
  55  5:00  Factory Tech Lab  
  55  5:02  SCV  
  55  5:04  Infernal Pre-Igniter  
  55  5:06  Factory Reactor  
  56  5:09  SCV  
  56  5:14  Supply Depot  
  57  5:15  Marine, Supply Depot  
  58  5:22  SCV  
  59  5:30  Engineering Bay  
  59  5:35  Terran Vehicle Weapons Level 1  
  59  5:39  Hellion  
  59  5:40  Hellion  
  66  5:44  Hellion  
  66  5:45  Hellion x2  
  66  5:46  Hellion  
  71  6:01  Hellion x2  
  75  6:08  Hellion x4  
  81  6:22  Hellion  
  73  6:42  Marine  
  73  6:43  Hellion x11  
  73  6:44  Hellion x6  
  82  6:56  SCV  
  82  7:00  Marine  
  83  7:05  SCV, Hellion  
  86  7:11  Supply Depot  
  86  7:15  Supply Depot  
  86  7:33  Hellion x3, Marine  
  86  7:34  Hellion  
  86  7:35  Hellion x2  
  78  7:51  Marine  
  75  7:55  Hellion x3  
  75  7:56  Hellion x3  
  76  8:08  Marine  
  76  8:12  Command Center  
  77  8:15  SCV  
  77  8:16  Hellion x3  
  77  8:17  Hellion x2  
  77  8:18  Supply Depot  
  77  8:19  Supply Depot  
  88  8:25  Hellion  
  88  8:26  Marine  
  91  8:30  SCV  
  92  8:36  Supply Depot  
  92  8:41  Factory  
Tags
 
Add a new tag
Caveats
  • Supply blocks, unpowered buildings, or Contaminate may cause inaccurate times.
  • Supply counts are checked every 10 seconds.